 Dungeon Crawl Stone Soup version 0.30-a0-691-g754fce4c43 (webtiles) character file.

Game seed: 5888987230469232050

1245 sokol815 the Conjurer (level 8, -3/46 HPs)
             Began as an Octopode Earth Elementalist on Jan 19, 2023.
             Was an Initiate of Gozag.
             Succumbed to a hornet's poison
             ... on level 5 of the Dungeon.
             The game lasted 00:15:02 (5893 turns).

sokol815 the Conjurer (Octopode Earth Elementalist) Turns: 5893, Time: 00:15:03

Health: -3/46      AC: -3    Str:  7    XL:     8   Next: 50%
Magic:  19/20      EV: 13    Int: 19    God:    Gozag
Gold:   344        SH:  0    Dex: 13    Spells: 3/11 levels left

rFire   . . .      SeeInvis .    a - +4 rapier (drain)
rCold   . . .      Faith    .    (no shield)
rNeg    . . .      Spirit   .    (helmet restricted)
rPois   .          Reflect  .    (no amulet)
rElec   .          Harm     .    h - ring of magical power {MP+9}
rCorr   .          Rampage  .    (no ring)
Will    .....                    (no ring)
Stlth   +++                      (no ring)
HPRegen 0.27/turn                (no ring)
MPRegen 0.17/turn                (no ring)
                                 (no ring)
                                 (no ring)

@: mighty, lethally poisoned (-3 -> -13), corroded
A: almost no armour, amphibious, 8 rings, camouflage 1, gelatinous body 1,
(nimble swimmer 1), tentacles
a: Renounce Religion, Potion Petition, Call Merchant, Bribe Branch


You were on level 5 of the Dungeon.
You worshipped Gozag.
Gozag was aware of your devotion.
You visited 1 branch of the dungeon, and saw 6 of its levels.

You collected 436 gold pieces.
You paid 92 gold pieces to Gozag.

Inventory:

Hand Weapons
 a - a +4 rapier of draining (weapon)
   (You found it on level 2 of the Dungeon)
 b - a +0 club
   (You took it off a goblin on level 1 of the Dungeon)
 j - a +1 long sword
   (You found it on level 1 of the Dungeon)
Missiles
 d - 5 boomerangs
 f - 4 throwing nets {!d}
 n - 4 atropa-tipped darts
 s - 64 stones
Magical Staves
 c - a staff of fire {rF+}
   (You found it on level 2 of the Dungeon)
Jewellery
 h - a ring of magical power (left tentacle) {MP+9}
   (You found it on level 5 of the Dungeon)
Wands
 p - a wand of paralysis (11)
   (You found it on level 4 of the Dungeon)
Scrolls
 Y - 4 scrolls of teleportation {@r3}
Potions
 g - a potion of cancellation
 i - a potion of degeneration {unknown}
 m - a potion of magic
 B - a potion of brilliance
 G - 2 potions of ambrosia {!q}
 L - 2 potions of flight
 M - 2 potions of might
 R - a potion of resistance
 U - 2 potions of mutation {!q}


   Skills:
 - Level 2.0 Dodging
 - Level 2.6 Stealth
 - Level 2.0 Spellcasting
 - Level 7.0 Conjurations
 * Level 3.0 Transmutations
 - Level 7.0 Earth Magic


You had 3 spell levels left.
You knew the following spells:

 Your Spells              Type           Power      Damage    Failure   Level
a - Sandblast             Erth           56%        2d13      1%          1
c - Petrify               Tmut/Erth      21%        N/A       22%         4
x - Stone Arrow           Conj/Erth      56%        3d10      2%          3

Your spell library contained the following spells:

 Spells                   Type           Power      Damage    Failure   Level
 Passwall                 Tmut/Erth      17%        N/A       3%          2
 Sting                    Tmut/Pois      28%        1d4       9%          1
 Dazzling Flash           Conj/Hex       30%        N/A       12%         3
 Poisonous Vapours        Pois/Air       2%         N/A       26%         2
 Gell's Gravitas          Tloc           1%         N/A       45%         3
 Teleport Other           Tloc           1%         N/A       45%         3
 Iskenderun's Mystic Bla  Conj/Tloc      15%        2d5       36%         4
 Olgreb's Toxic Radiance  Pois           1%         N/A       86%         4
 Starburst                Conj/Fire      7%         6d4       99%         6
 Dispersal                Tloc           0%         N/A       100%        6


Dungeon Overview and Level Annotations

Branches:
Dungeon (6/15) Zot: 26410
 Temple: D:4-7

Altars:
Dithmenos
Gozag
Sif Muna
Vehumet

Shops:
D:4 *   D:5 (

Annotations:
D:5 exclusions: hornet and jelly


Innate Abilities, Weirdness & Mutations

You cannot wear most types of armour.
You are amphibious.
You can wear up to eight rings at the same time.
Your skin changes colour to match your surroundings (Stealth+).
Your rubbery body absorbs attacks. (AC +1, EV +1)
((You are camouflaged when in or above water. (Stealth+)))
You have tentacles for arms and can constrict up to eight enemies at once.


Message History

There is a stone staircase leading down here.
You start resting.
Health restored: 46
There is a stone staircase leading down here.
You climb downwards.
A sky beast comes into view.
The black bear bites you. The black bear claws you. x2
There is a stone staircase leading up here.
You take 9 damage, and have 37/46 hp.
The black bear barely misses you. The black bear claws you.
The black bear closely misses you.
The sky beast flickers out of sight!
Deactivating autopickup; reactivate with Ctrl-A.
You climb upwards.
Level annotation: exclusions: hornet and jelly Reactivating autopickup.
There is a stone staircase leading down here.
You take 3 damage, and have 34/46 hp.
Aim: a black bear (87% to hit)
The blast of sand hits the black bear!!
The black bear barely misses you. The black bear closely misses you.
The black bear claws you.
You now have 19/20 mp.
Aim: a black bear (severely wounded, 87% to hit)
The blast of sand hits the black bear!
You kill the black bear!
Your Transmutations skill increases to level 3!
You now have 18/20 mp.
You start resting.
Health restored: 46; MP restored: 20 You now have 344 gold pieces (gained 7).
There is a stone staircase leading down here.
You climb downwards.
The centaur shoots an arrow.
The arrow hits you!
The centaur shoots an arrow.
The arrow hits you!
There is a stone staircase leading up, spattered with blood here.
You take 19 damage, and have 27/46 hp.
MASSIVE DAMAGE!!
The centaur shoots an arrow.
The arrow hits you!
The centaur shoots an arrow.
The arrow barely misses you.
The arrow hits the sky beast!
You climb upwards.
Level annotation: exclusions: hornet and jelly
There is a stone staircase leading down here.
You take 7 damage, and have 20/46 hp.
You start resting.
Health restored: 46 You see here a +0 giant club.
Really wriggle into a travel-excluded area?
The hornet buzzes angrily.
There is a stone staircase leading down here.
Okay, then.
Aim: a hornet (chance to affect: 39%)
The hornet resists with some effort.
The jelly quivers.
Aim: a hornet (chance to affect: 39%)
The hornet resists with some effort.
Aim: a hornet (74% to hit)
The blast of sand misses the hornet.
You now have 19/20 mp.
You hit the hornet but do no damage. You drain the hornet.
Your grab misses the hornet. The hornet misses you.
The hornet closely misses you.
Aim: a hornet (lightly wounded, lightly drained, 74% to hit)
The blast of sand hits the hornet but does no damage.
The hornet stings you.
You feel yourself slow down. The hornet closely misses you.
You take 6 damage, and have 40/46 hp.
You now have 18/20 mp.
You feel very mighty all of a sudden.
The hornet stings you but does no damage.
The hornet barely misses you. The jelly hits you but does no damage.
The hornet stings you!
You are poisoned.
You feel as though you will be slow longer.
You take 13 damage, and have 27/46 hp.
MASSIVE DAMAGE!!
You barely miss the hornet. Your grab misses the hornet.
Your squeeze misses the hornet.
You feel very sick. The hornet misses you. The jelly closely misses you.
The hornet misses you. The jelly barely misses you.
You take 3 damage, and have 24/46 hp.
You closely miss the hornet. You grab the hornet.
You feel yourself speed up.
You constrict the hornet.
You feel sick. The hornet stings you!
* * * LOW HITPOINT WARNING * * *
You are lethally poisoned!
You feel yourself slow down. The hornet misses you.
The jelly completely misses you. The hornet closely misses you.
The jelly hits you.
* * * LOW HITPOINT WARNING * * *
The acid corrodes you!
You are splashed with acid!
* * * LOW HITPOINT WARNING * * *
You take 23 damage, and have 1/46 hp.
MASSIVE DAMAGE!!
Really read
D - a scroll of blinking {!r}?
Blink to where?
You lose your grip on something.
As you read the scroll of blinking {!r}, it crumbles to dust.
You feel yourself speed up.
You die...
Your body crumbles into a pile of gold.

......### ###.##..#.....J####....
........###....#.#.....§y........
......#.##..##..........####.....
...................#....#........
.....<.####^####......#...# ...
.......#.......#........### .(/.
.......#.......#.....#.## ?...
.....).#.......#....##..# .....
.......^..._....@...###.####.....
.......#.......#....# #.##.......
..>....#.......#....# #.#..###...
.......#.......#.######...## ##
∩......#########...........### #
.............................####
....).......##...................
.##.####.........................
.##.####.....................####


There were no monsters in sight!

Vanquished Creatures
  2 ice beasts (D:5)
  A black bear (D:5)
  An ogre (D:5)
  A phantom (D:4)
  Blork the orc (D:5)
  2 scorpions
  A gnoll sergeant (D:5)
  A hound (D:5)
  A gnoll bouda (D:5)
  A jelly (D:4)
  An orc priest (D:4)
  3 iguanas (D:5)
  3 orc wizards
  14 gnolls
  7 adders
  A worm (D:3)
  2 dart slugs (D:2)
  7 orcs
  5 endoplasms
  3 giant cockroaches
  12 goblins
  11 hobgoblins
  2 jackals (D:4)
  4 kobolds
  3 quokkas
  13 ball pythons
  5 bats
  10 rats
118 creatures vanquished.

Notes
Turn   | Place    | Note
-------+----------+-------------------------------------------
     0 | D:1      | sokol815 the Octopode Earth Elementalist began the quest
                  | for the Orb.
     0 | D:1      | Reached XP level 1. HP: 11/11 MP: 3/3
   440 | D:1      | Reached XP level 2. HP: 17/17 MP: 0/5
   868 | D:1      | You fall into a shaft and drop 1 floor!
   892 | D:2      | Reached skill level 4 in Earth Magic
   988 | D:1      | Found a faded altar of an unknown god.
  1175 | D:1      | Reached XP level 3. HP: 21/21 MP: 4/6
  1717 | D:2      | Reached XP level 4. HP: 27/27 MP: 5/7
  2256 | D:3      | Reached skill level 5 in Earth Magic
  2260 | D:3      | Learned a level 3 spell: Stone Arrow
  2689 | D:3      | Reached skill level 1 in Conjurations
  2807 | D:3      | Reached skill level 2 in Conjurations
  2813 | D:3      | Reached XP level 5. HP: 18/31 MP: 3/8
  3180 | D:4      | Found Jueckaf's Elemental Accessories.
  3202 | D:4      | Reached skill level 3 in Conjurations
  3258 | D:4      | Reached skill level 4 in Conjurations
  3258 | D:4      | Reached XP level 6. HP: 23/36 MP: 6/9
  3617 | D:4      | Reached skill level 5 in Conjurations
  3807 | D:4      | Reached XP level 7. HP: 38/41 MP: 7/10
  3975 | D:4      | Found a radiant altar of Vehumet.
  4238 | D:4      | Learned a level 4 spell: Petrify
  4266 | D:5      | Entered Level 5 of the Dungeon
  4267 | D:5      | Found Qomug's Antique Weapon Shop.
  4487 | D:5      | Reached skill level 6 in Conjurations
  4487 | D:5      | Reached skill level 6 in Earth Magic
  4490 | D:5      | Found an opulent altar of Gozag.
  4518 | D:5      | Became a worshipper of Gozag Ym Sagoz the Greedy
  4532 | D:5      | Noticed a hornet
  5010 | D:5      | Reached XP level 8. HP: 31/46 MP: 11/11
  5153 | D:5      | Found a shadowy altar of Dithmenos.
  5185 | D:5      | Found a shimmering blue altar of Sif Muna.
  5323 | D:6      | Noticed Blork the orc
  5460 | D:5      | Killed Blork the orc
  5533 | D:5      | Reached skill level 7 in Conjurations
  5533 | D:5      | Reached skill level 7 in Earth Magic
  5537 | D:5      | Reached skill level 2 in Transmutations
  5716 | D:5      | Reached skill level 3 in Transmutations
  5892 | D:5      | HP: 11/46 [hornet (12)]
  5892 | D:5      | HP: 1/46 [acid (8)]
  5893 | D:5      | Succumbed to a hornet's poison

Illustrated notes

Levels and vault maps discovered:
D:1:      elethiomel_arrival_maze, layout_loops_corners,
          hellmonk_ecumenical_altar_heavens_door
D:2:      layout_loops_corners
D:3:      layout_rooms, serial_glass, glass_columns_a, glass_columns_b,
          kennysheep_generic_room_9
D:4:      layout_loops_ring, mainiacjoe_overflow_small_starburst,
          nicolae_elemental_shop, st_stairs_8, kennysheep_small_square
D:5:      layout_rooms, mainiacjoe_overflow_two_lobes, lemuel_tele_altar,
          serial_shops, nicolae_stop_n_shop_1, lightli_minifort
D:6:      layout_loops_ring, old_standard_altar, minmay_temple_entry_poolview,
          corexii_shack, grunt_ministairs_10, uniq_blork_the_orc

Skill      XL: |  1  2  3  4  5  6  7  8 |
---------------+-------------------------+-----
Earth Magic    | 4 5 6 7 |  7.0
Conjurations   | 2 4 5 6 7 |  7.0
Transmutations | 3 |  3.0
Dodging        | |  2.0
Stealth        | |  2.6
Spellcasting   | |  2.0

Action                   |  1- 3 |  4- 6 |  7- 9 || total
-------------------------+-------+-------+-------++-------
Melee: Club              |     1 |       |       ||     1
       Long sword        |       |     6 |       ||     6
       Tentacles         |       |     3 |       ||     3
       Rapier            |       |     1 |     8 ||     9
       Constrict         |       |       |     3 ||     3
       Punch             |       |       |     1 ||     1
 Cast: Sandblast         |    36 |    85 |    75 ||   196
Evoke: Wand              |       |       |     3 ||     3
  Use: Scroll            |     4 |    15 |     4 ||    23
       Potion            |       |       |     1 ||     1
 Stab: Paralysed         |       |       |     3 ||     3
Armor: Skin              |       |     2 |     2 ||     4
Dodge: Dodged            |     1 |    34 |    43 ||    78

Table legend: (Time is in decaauts)
 A = Elapsed time spent in this place.
 B = Non-inter-level travel time spent in this place.
 C = Inter-level travel time spent in this place.
 D = Time resting spent in this place.
 E = Time spent auto-exploring this place.
 F = Levels seen in this place.
 G = Mean time per level.
                   A        B        C        D        E       F      G
               +--------+--------+--------+--------+--------+-----+--------+
         Total |   6004 |   5627 |    377 |    890 |   3914 |   6 | 1000.7 |
       Dungeon |   6004 |   5627 |    377 |    890 |   3914 |   6 | 1000.7 |
               +--------+--------+--------+--------+--------+-----+--------+

Top non-repeatable levels by time:
     D:5: 1646 daAuts
     D:2: 1208 daAuts
     D:1: 1181 daAuts
     D:4: 1117 daAuts
     D:3: 827 daAuts
     D:6: 24 daAuts

Table legend:
 A = Kills in this place as a percentage of kills in entire the game.
 B = Kills by you in this place as a percentage of kills by you in the entire game.
 C = Kills by friends in this place as a percentage of kills by friends in the entire game.
 D = Other kills in this place as a percentage of other kills in the entire game.
 E = Experience gained in this place as a percentage of experience gained in the entire game.
 F = Experience gained in this place divided by the number of levels of this place that you have seen.
                   A       B       C       D       E      F
               +-------+-------+-------+-------+-------+----------------------
         Total | 100.0 | 100.0 |   N/A |   N/A | 100.0 | 296.5
       Dungeon | 100.0 | 100.0 |   N/A |   N/A | 100.0 | 296.5
               +-------+-------+-------+-------+-------+----------------------
